 Dungeon Crawl Stone Soup version 0.21-a0-440-g28109cb (webtiles) character file.

84121 RebelPilot31 the Peltast (level 15, -7/136 HPs)
             Began as a Minotaur Fighter on Nov 10, 2017.
             Was the Champion of Okawaru.
             Killed from afar by an ogre mage (22 damage)
             ... with a bolt of cold
             ... on level 2 of the Orcish Mines.
             The game lasted 01:26:12 (20906 turns).

RebelPilot31 the Peltast (Minotaur Fighter)        Turns: 20906, Time: 01:26:13

Health: -7/136     AC: 23    Str: 37    XL:     15   Next: 34%
Magic:  4/4        EV: 18    Int: 10    God:    Okawaru [******]
Gold:   922        SH: 20    Dex:  8    Spells: 14/14 levels left

rFire    . . .     SeeInvis .   I - +4 morningstar (antimagic)
rCold    . . .     Gourm    .   H - +4 shield of Conscience {*Drain rCorr Str+7}
rNeg     + . .     Faith    .   v - +3 plate armour of Hiha {*Drain Int+5 Stlth+}
rPois    +         Spirit   .   (helmet restricted)
rElec    .         Reflect  .   r - +0 cloak
rCorr    +         Harm     .   L - +0 pair of gloves
MR       +....                  C - +0 pair of boots of Relativism {rN+ Str+3}
Stlth    ..........             E - amulet of regeneration
HPRegen  0.72/turn              Q - +6 ring of evasion
MPRegen  0.09/turn              G - ring of poison resistance

@: berserk cooldown, slowed, studying Stealth, very slow
A: retaliatory headbutt, horns 2, clumsy 1, low mp 1
a: Heroism, Finesse, Renounce Religion


You were on level 2 of the Orcish Mines.
You worshipped Okawaru.
Okawaru was exalted by your worship.
You were not hungry.

You visited 4 branches of the dungeon, and saw 24 of its levels.

You collected 1568 gold pieces.
You spent 646 gold pieces at shops.

Inventory:

Hand Weapons
 h - a +5 mace of protection
 n - the +10 dark maul {crush}
   (Okawaru gifted it to you on level 4 of the Lair of Beasts)

   It inflicts extra damage upon your enemies.
 I - a +4 antimagic morningstar (weapon)
Armour
 c - a +2 shield of protection
 r - a +0 cloak (worn)
 v - the +3 plate armour of Hiha (worn) {*Drain Int+5 Stlth+}
   (Okawaru gifted it to you on level 14 of the Dungeon)

   It affects your intelligence (+5).
   It causes draining when unequipped.
   It makes you more stealthy.
 C - the +0 pair of boots of Relativism (worn) {rN+ Str+3}
   (You found it on level 14 of the Dungeon)

   It affects your strength (+3).
   It protects you from negative energy.
 H - the +4 shield of Conscience (worn) {*Drain rCorr Str+7}
   (You bought it in a shop on level 14 of the Dungeon)

   It affects your strength (+7).
   It protects you from acid and corrosion.
   It causes draining when unequipped.
 L - a +0 pair of gloves (worn)
 R - +0 fire dragon scales
Jewellery
 e - a ring of the Octopus King {Wiz AC+1 EV+1 Str+1 Int+1 Dex+1}
   (You found it on level 2 of the Lair of Beasts)

   [ring of wizardry]

   It improves your spell success rate.
   It affects your AC (+1).
   It affects your evasion (+1).
   It affects your strength (+1).
   It affects your intelligence (+1).
   It affects your dexterity (+1).
 w - a +2 amulet of reflection
 E - an amulet of regeneration (around neck)
 F - a +6 ring of dexterity {unknown}
 G - a ring of poison resistance (right hand)
 O - an uncursed ring of flight {unknown}
 Q - a +6 ring of evasion (left hand)
 U - an uncursed ring of resist corrosion {unknown}
Wands
 y - a wand of flame (29/48)
Scrolls
 k - 9 scrolls of remove curse
 o - a scroll of immolation {unknown}
 q - a scroll of brand weapon {unknown}
 s - 6 scrolls of teleportation
 u - 4 scrolls of blinking
 B - a scroll of identify
 K - 2 scrolls of fog
Potions
 a - 3 potions of berserk rage
 d - a potion of might
 f - 6 potions of flight {unknown}
 g - 2 potions of cancellation {unknown}
 i - 6 potions of lignification {unknown}
 j - 8 potions of curing
 l - 4 potions of ambrosia {unknown}
 t - 9 potions of heal wounds {unknown}
 x - a potion of haste {unknown}
 D - 2 potions of magic {unknown}
 M - a potion of invisibility {unknown}
 N - 4 potions of brilliance {unknown}
 P - a potion of resistance
 S - a potion of degeneration {unknown}
 W - 2 potions of agility {unknown}
Books
 J - a manual of Stealth
Miscellaneous
 T - a phial of floods
Comestibles
 b - 9 meat rations
 m - 5 fruits
 p - 3 bread rations
 A - 6 royal jellies


   Skills:
 * Level 13.3 Fighting
 * Level 16.7 Maces & Flails
 * Level 13.1 Armour
 + Level 7.7 Dodging
 - Level 0.2 Stealth
 * Level 18.6 Shields


You had 14 spell levels left.
You didn't know any spells.

Dungeon Overview and Level Annotations

Branches:
Dungeon (15/15)            Temple (1/1) D:6            Lair (6/6) D:9
 Shoals (0/4) Lair:3        Snake (0/4) Lair:4        Slime (0/5) Lair:5
    Orc (2/2) D:12            Elf (0/3) Orc:2        Vaults (0/5) D:13
 Depths (0/5) D:15

Altars:
Ashenzari
Cheibriados
Dithmenos
Elyvilon
Fedhas
Gozag
Hepliaklqana
Kikubaaqudgha
Makhleb
Nemelex Xobeh
Okawaru
Qazlal
Ru
Sif Muna
Trog
Uskayaw
Vehumet
Wu Jian
Xom
Yredelemnul
Zin
The Shining One

Shops:
D:6 ??   D:11 =   D:12 (   D:13 ?   D:14 %([=?   Orc:1 (   Orc:2 *


Innate Abilities, Weirdness & Mutations

You reflexively headbutt those who attack you in melee.
You have a pair of horns on your head.
You are clumsy. (Dex -2)
Your magical capacity is low. (-10% MP)


Message History

Items here: )))))))) [ †††† You feel a strong urge to attack something.
The ogre mage shouts!
The ogre howls in fear.
You block the ogre mage's attack.
You feel your anger nearly subside.
You are no longer berserk.
You are exhausted.
You feel yourself slow down.
The ogre mage gestures wildly while chanting.
The ogre mage blinks!
The two-headed ogre seems to regain its courage.
The ogre mage barely misses you.
The ogre mage casts a spell at the ogre.
The ogre seems to speed up.
Items here: )))))))) [ †††† You barely miss the ogre mage.
The ogre mage is severely wounded.
The ogre mage casts a spell at you. The bolt of cold hits you!
You die...

##...#...............
#...#........##.... .#
##.#..........# .# .###
##.#.#......## ... #...#.#.....#
..# ##O....))..## .# #O..O..[...#
.# ##...#..##.## .# #)@O#..O####
.# ##)###...## .# ######...# #
##....#### # ....## ###........#
# # ....... #..........#######
####.......## ###..........##.#..
#...........###.#...........#.#..
#............#...................


You could see a two-headed ogre, 2 ogre magi and an ogre.

Vanquished Creatures
  A dire elephant (D:15)
  The ghost of adozu the Severer, a journeyman MiBe of Trog (Lair:3)
  2 vault guards (D:13)
  Josephine (Lair:5)
  Erica (Lair:1)
  3 ogre magi
  10 hydras
  21 two-headed ogres
  4 catoblepae
  The ghost of NoRagrets the Protected, a journeyman GnWn of Okawaru (D:10)
  5 death yaks (Lair:6)
  Urug (Lair:5)
  3 unseen horrors
  An unseen horror (shapeshifter) (D:14)
  Pikel (D:8)
  A salamander (D:15)
  6 cyclopes
  3 manticores
  4 black mambas
  A black mamba (shapeshifter) (D:15)
  A centaur zombie (D:14)
  Joseph (D:8)
  A gargoyle (D:15)
  The ghost of NoRagrets the Skirmisher, a novice DsAK of Lugonu (D:4)
  10 spiny frogs
  A redback zombie (D:15)
  An efreet (D:15)
  7 kobold demonologists
  4 komodo dragons
  A tengu conjurer (D:14)
  4 merfolk (Lair:3)
  5 trolls
  3 polar bears
  A wolf spider simulacrum (D:15)
  A meliai zombie (D:15)
  A hornet (D:14)
  13 slime creatures
  10 hippogriffs
  7 dream sheep (Lair:5)
  22 blink frogs
  5 wraiths
  Sigmund (D:5)
  22 yaks
  2 vampires (D:13)
  2 wyverns
  A shadow (D:13)
  3 basilisks
  Grum (D:11)
  A steam dragon (D:7)
  4 vampire mosquitoes (D:15)
  14 water moccasins
  7 porcupines
  8 orc warriors
  An eye of draining (shapeshifter) (D:14)
  14 ice beasts
  A hornet zombie (D:12)
  A black bear (D:9)
  2 sky beasts (D:11)
  18 ogres
  26 wolves
  14 centaurs
  2 necrophages
  4 phantoms
  9 crocodiles
  15 bullfrogs
  4 big kobolds
  A wyvern zombie (D:15)
  2 gnoll sergeants
  A water moccasin zombie (D:3)
  A water moccasin skeleton (D:6)
  6 scorpions
  6 killer bees
  3 wights (D:15)
  14 howler monkeys
  3 electric eels
  7 crimson imps
  5 jellies
  A bullfrog zombie (D:7)
  13 hounds
  3 centaur skeletons
  A bullfrog skeleton (D:13)
  12 orc priests
  20 orc wizards
  Crazy Yiuf (D:3)
  Jessica (D:3)
  Terence (D:3)
  5 iguanas
  16 worker ants
  A hound zombie (D:11)
  2 hound skeletons (D:5)
  Robin (D:3)
  12 gnolls
  10 adders
  A shadow imp (D:13)
  An ooze (D:3)
  3 adder skeletons
  2 adder zombies
  A worm (D:2)
  3 dart slugs
  3 leopard geckos
  67 orcs
  2 giant cockroaches (D:1)
  16 goblins
  8 hobgoblins
  21 jackals
  29 kobolds
  4 quokkas
  A ball python (D:1)
  5 bats
  4 frilled lizards (D:1)
  A quokka skeleton (D:5)
  A quokka zombie (D:5)
  9 rats
  3 plants
682 creatures vanquished.

Vanquished Creatures (others)
  A sky beast (D:8)
  A slave (D:8)
  A bullfrog (D:8)
  27 bushes (D:15)
  9 fungi
  2 plants
41 creatures vanquished.

Grand Total: 723 creatures vanquished

Notes
Turn   | Place    | Note
-------+----------+-------------------------------------------
     0 | D:1      | RebelPilot31 the Minotaur Fighter began the quest for the Orb.
     0 | D:1      | Reached XP level 1. HP: 19/19 MP: 0/0
   102 | D:1      | Reached XP level 2. HP: 21/27 MP: 1/1
   386 | D:1      | Reached skill level 4 in Shields
   998 | D:2      | Reached XP level 3. HP: 33/33 MP: 2/2
  1504 | D:2      | Found a faded altar of an unknown god.
  1588 | D:2      | Reached XP level 4. HP: 40/40 MP: 3/3
  1776 | D:2      | Found a basalt altar of Yredelemnul.
  1777 | D:2      | Found a bloodstained altar of Trog.
  1879 | D:3      | Reached XP level 5. HP: 37/47 MP: 4/4
  2018 | D:3      | Noticed Jessica
  2023 | D:3      | Killed Jessica
  2065 | D:3      | Noticed Robin
  2083 | D:3      | Noticed Terence
  2085 | D:3      | Reached skill level 5 in Shields
  2130 | D:3      | Killed Terence
  2430 | D:3      | Found a runed door.
  2563 | D:3      | Killed Robin
  2722 | D:3      | Reached skill level 5 in Armour
  2861 | D:3      | Noticed Crazy Yiuf
  2864 | D:3      | Killed Crazy Yiuf
  2864 | D:3      | Reached XP level 6. HP: 49/53 MP: 5/5
  2902 | D:4      | Found a radiant altar of Vehumet.
  2903 | D:4      | Found a blossoming altar of Fedhas.
  2905 | D:4      | Found an opulent altar of Gozag.
  2921 | D:4      | Noticed NoRagrets's ghost (novice DsAK)
  2967 | D:4      | Killed NoRagrets's ghost
  2967 | D:4      | Reached skill level 5 in Fighting
  2967 | D:4      | Reached skill level 5 in Maces & Flails
  2967 | D:4      | Reached skill level 1 in Dodging
  2967 | D:4      | Reached skill level 6 in Shields
  2967 | D:4      | Reached XP level 7. HP: 36/61 MP: 6/6
  3286 | D:4      | Found a snail-covered altar of Cheibriados.
  3554 | D:4      | Reached XP level 8. HP: 62/70 MP: 7/7
  3824 | D:5      | Entered Level 5 of the Dungeon
  4236 | D:5      | Noticed Sigmund
  4248 | D:5      | Killed Sigmund
  4248 | D:5      | Reached skill level 7 in Shields
  4695 | D:6      | Found Iliqekh's Magic Scroll Shop.
  4743 | D:6      | Reached skill level 8 in Shields
  4776 | D:6      | Reached XP level 9. HP: 68/78 MP: 8/8
  4826 | D:6      | Found a staircase to the Ecumenical Temple.
  4890 | Temple   | Entered the Ecumenical Temple
  4999 | D:6      | Found Jyn Dapn's Magic Scroll Shoppe.
  5009 | D:6      | Bought a scroll of enchant armour for 82 gold pieces
  5242 | D:6      | Found a hazy altar of Hepliaklqana.
  5243 | D:6      | Found an ornate altar of the Wu Jian Council.
  5770 | D:7      | Reached skill level 9 in Shields
  5914 | D:7      | Reached skill level 10 in Maces & Flails
  6307 | D:8      | Noticed Pikel
  6323 | D:8      | Killed Pikel
  6323 | D:8      | Reached skill level 10 in Shields
  6325 | D:8      | Reached XP level 10. HP: 67/86 MP: 9/9
  6349 | D:8      | Noticed Joseph
  6387 | D:8      | Killed Joseph
  7003 | D:9      | Found an iron altar of Okawaru.
  7056 | D:9      | Became a worshipper of Warmaster Okawaru
  7340 | D:9      | Reached * piety under Okawaru
  7388 | D:9      | Found a staircase to the Lair.
  7400 | D:9      | HP: 2/88 [electric eel/bolt of electricity (11)]
  7417 | D:9      | Reached skill level 11 in Shields
  7903 | D:9      | Found a sacrificial altar of Ru.
  7903 | D:9      | Found an ancient bone altar of Kikubaaqudgha.
  7908 | D:9      | Found a deep blue altar of Sif Muna.
  8059 | D:10     | Entered Level 10 of the Dungeon
  8075 | D:10     | Found a stormy altar of Qazlal.
  8075 | D:10     | Noticed a two-headed ogre
  8099 | D:10     | Killed a two-headed ogre
  8099 | D:10     | Reached ** piety under Okawaru
  8237 | D:10     | Noticed a two-headed ogre
  8255 | D:10     | Killed a two-headed ogre
  8255 | D:10     | Reached XP level 11. HP: 45/94 MP: 10/10
  8501 | D:10     | Noticed NoRagrets's ghost (journeyman GnWn)
  8526 | D:10     | Killed NoRagrets's ghost
  8526 | D:10     | Reached *** piety under Okawaru
  9179 | D:11     | Killed an unseen horror
  9272 | D:11     | Reached skill level 12 in Shields
  9293 | D:11     | Noticed a two-headed ogre
  9300 | D:11     | Noticed a two-headed ogre
  9303 | D:11     | Killed a two-headed ogre
  9303 | D:11     | Reached **** piety under Okawaru
  9309 | D:11     | Killed a two-headed ogre
  9309 | D:11     | Reached skill level 5 in Dodging
  9316 | D:11     | HP: 4/95 [troll (4)]
  9606 | D:11     | Reached ***** piety under Okawaru
  9685 | D:11     | Noticed Grum
  9713 | D:11     | Killed Grum
  9847 | D:11     | Got a spiked leather armour
  9897 | D:11     | Found Keniweek's Jewellery Emporium.
  9937 | D:11     | Reached skill level 10 in Armour
  9937 | D:11     | Reached skill level 13 in Shields
 10203 | D:12     | Found Jabbo's Weapon Boutique.
 10350 | D:12     | Found a staircase to the Orcish Mines.
 10358 | D:12     | Noticed a sixfirhy
 11083 | D:12     | Identified the cursed +1 leather armour of Grot {-Tele rElec MR+} (You found it on level 11 of the Dungeon)
 11170 | D:13     | Reached XP level 12. HP: 104/104 MP: 11/11
 11178 | D:13     | Found a gate to the Vaults.
 11178 | D:13     | Noticed a vault guard
 11178 | D:13     | Noticed a vault guard
 11178 | D:13     | Noticed a vault guard
 11178 | D:13     | Noticed a vault guard
 11391 | D:13     | Received a gift from Okawaru
 11403 | D:13     | Got shimmering acid dragon scales {god gift}
 11416 | D:13     | Identified the +0 acid dragon scales of Repulsion {rC+ Regen+ rCorr Str+4 Int-4} (Okawaru gifted it to you on level 13 of the Dungeon)
 11624 | D:13     | Killed a vault guard
 11657 | D:13     | Got a pair of blackened boots
 11668 | D:13     | Identified the +0 pair of boots "Trusted Companion" {rF+ Str+4} (You found it on level 13 of the Dungeon)
 11693 | D:13     | Killed a vault guard
 11752 | D:13     | Lost intelligence.
 11759 | D:13     | Gained mutation: You are clumsy. (Dex -2) [a neqoxec]
 11763 | D:13     | Gained mutation: Your magical capacity is low. (-10% MP) [a neqoxec]
 11894 | D:13     | Found Yrioteapp's Magic Scroll Boutique.
 11906 | D:13     | Reached skill level 14 in Shields
 11940 | D:13     | Bought a scroll of enchant weapon for 90 gold pieces
 11940 | D:13     | Bought a scroll of enchant weapon for 90 gold pieces
 11940 | D:13     | Bought a scroll of enchant weapon for 90 gold pieces
 12333 | D:14     | Found a frozen archway.
 12342 | D:14     | Found Ijowob's Antique Weapon Shoppe.
 12351 | D:14     | Reached skill level 10 in Fighting
 12462 | D:14     | Found Honos's Magic Scroll Shoppe.
 12503 | D:14     | Noticed a six-headed hydra
 12517 | D:14     | Killed a six-headed hydra
 12517 | D:14     | Reached ****** piety under Okawaru
 12592 | D:14     | Found Mira's Antique Armour Shoppe.
 12599 | D:14     | Received a gift from Okawaru
 12604 | D:14     | Got a slimy plate armour {god gift}
 12615 | D:14     | Identified the +3 plate armour of Hiha {*Drain Int+5 Stlth+} (Okawaru gifted it to you on level 14 of the Dungeon)
 12618 | D:14     | Found Temaull's Jewellery Shop.
 12659 | D:14     | Got a pair of smoking boots
 12675 | D:14     | Identified the cursed +0 pair of boots of Relativism {rN+ Str+3} (You found it on level 14 of the Dungeon)
 12725 | D:14     | Noticed a two-headed ogre
 12734 | D:14     | Killed a two-headed ogre
 12875 | D:14     | Noticed a catoblepas
 12900 | D:14     | Killed a catoblepas
 12900 | D:14     | Reached XP level 13. HP: 70/114 MP: 10/10
 13044 | D:14     | Found Tukepp's Food Boutique.
 13258 | D:15     | Entered Level 15 of the Dungeon
 13285 | D:15     | Reached skill level 15 in Shields
 13874 | D:15     | Received a gift from Okawaru
 14026 | D:15     | Found a staircase to the Depths.
 14026 | D:15     | Noticed a dire elephant
 14048 | D:15     | Killed a dire elephant
 14284 | D:15     | Reached skill level 16 in Shields
 14501 | D:14     | Bought an encrusted shield for 294 gold pieces
 14511 | D:14     | Identified the +4 shield of Conscience {*Drain rCorr Str+7} (You bought it in a shop on level 14 of the Dungeon)
 14704 | Lair:1   | Entered Level 1 of the Lair of Beasts
 14966 | Lair:1   | Noticed Erica
 14976 | Lair:1   | Killed Erica
 15031 | Lair:1   | Reached skill level 15 in Maces & Flails
 15123 | Lair:1   | Received a gift from Okawaru
 15128 | Lair:1   | Got a fine hand crossbow {god gift}
 15245 | Lair:1   | Got a transparent ring mail
 15442 | Lair:1   | Identified the +5 ring mail of Patience {rF+} (You found it on level 1 of the Lair of Beasts)
 15508 | Lair:2   | Found the ring of the Octopus King
 15537 | Lair:2   | Got a ring of the Octopus King
 15982 | Lair:2   | Reached XP level 14. HP: 118/125 MP: 3/11
 16357 | Lair:3   | Identified a ring of the Octopus King {Wiz AC+1 EV+1 Str+1 Int+1 Dex+1} (You found it on level 2 of the Lair of Beasts)
 16431 | Lair:3   | Found a staircase to the Shoals.
 16602 | Lair:3   | Noticed adozu's ghost (journeyman MiBe)
 16614 | Lair:3   | Killed adozu's ghost
 16685 | Lair:3   | Received a gift from Okawaru
 16752 | Lair:3   | Got a faintly humming buckler
 17412 | Lair:4   | Got a twisted plate armour
 17606 | Lair:4   | Reached skill level 17 in Shields
 17672 | Lair:4   | Received a gift from Okawaru
 17673 | Lair:4   | Found the +10 dark maul {crush}
 17757 | Lair:4   | Identified the cursed +1 plate armour of the Cockroach {rElec Str-5 SInv} (You found it on level 4 of the Lair of Beasts)
 17780 | Lair:4   | Found a staircase to the Snake Pit.
 18094 | Lair:5   | Found a staircase to the Slime Pits.
 18188 | Lair:5   | Noticed Urug
 18202 | Lair:5   | Killed Urug
 18549 | Lair:5   | Noticed Josephine
 18578 | Lair:5   | Killed Josephine
 18911 | Lair:6   | Entered Level 6 of the Lair of Beasts
 18977 | Lair:6   | Received a gift from Okawaru
 19566 | Lair:6   | Reached XP level 15. HP: 120/134 MP: 4/12
 19633 | Lair:6   | Reached skill level 18 in Shields
 20519 | Orc:1    | Entered Level 1 of the Orcish Mines
 20519 | Orc:1    | Found Upeshrist's Antique Weapon Emporium.
 20568 | Orc:2    | Entered Level 2 of the Orcish Mines
 20569 | Orc:2    | Found Hidiy's General Store.
 20688 | Orc:2    | Found a staircase to the Elven Halls.
 20884 | Orc:2    | Received a gift from Okawaru
 20906 | Orc:2    | Killed from afar by an ogre mage

Vault maps used:
D:1:      matt_arrival_grand_opening
D:2:      minitemple, chequers_ecumenical_altar_twisty
D:3:      uniq_jessica, uniq_crazy_yiuf_cottage, uniq_terence, uniq_robin
D:4:      grunt_temple_overflow_open, kennysheep_mini_moat,
          grunt_decor_one_mirror, minmay_misc_feat_roman
D:5:      first_bread, uniq_sigmund
D:6:      chequers_temple_overflow_statue_of_worship, minmay_temple_entry_grid,
          serial_shops, shop, nicolae_shop_waterfront
D:7:      grunt_decor_fettered, minmay_tree_intersection
D:8:      uniq_joseph, uniq_pikel
D:9:      old_standard_altar, gammafunk_temple_overflow_claw, erik_lair_island
D:10:     basic_altar
D:11:     serial_shops, nicolae_shop_trees, uniq_grum
D:12:     david_orc_2, serial_shops, nicolae_shop_competitors_out_of_business
D:13:     lightli_vaults_fourway_checkpoint, serial_shops, shop
D:14:     serial_shops, shop, shop, shop, shop, shop,
          portal_ice_cave_entry_ice_beasts, hangedman_abyss_or_decor_stagger
D:15:     hangedman_depths_entry_try_elsewhere_first, serial_park_square2
Temple:   zaba_magenta_temple
Lair:1:   uniq_erica
Lair:2:   serial_bayou, serial_bayou_pond_b, serial_bayou_pond_c,
          serial_bayou_pond_a, serial_bayou_pond_e, wad_woods_road_06
Lair:3:   elwin_shoals_entry_stream
Lair:4:   guppyfry_snake_entry_garden, grunt_megastairs_2
Lair:5:   dpeg_slime_entry_corner, uniq_urug, uniq_josephine
Lair:6:   evilmike_catoblepas_cave
Orc:1:    basic_altar, serial_shops, shop, mines1_david
Orc:2:    st_orc_ogre_mass, serial_shops, nicolae_shop_crystal

Skill      XL: |  1  2  3  4  5  6  7  8  9 10 11 12 13 14 15 |
---------------+----------------------------------------------+-----
Fighting       | 4 5 6 7 8 9 10 11 12 13 | 13.3
Shields        | 4 5 6 8 10 11 13 14 16 17 18 | 18.6
Maces & Flails | 3 4 5 7 8 10 11 13 14 15 16 | 16.7
Armour         | 4 5 6 7 8 9 10 11 12 13 | 13.1
Dodging        | 1 2 4 5 7 |  7.7
Stealth        | |  0.2

Action                   |  1- 3 |  4- 6 |  7- 9 | 10-12 | 13-15 || total
-------------------------+-------+-------+-------+-------+-------++-------
Melee: Flail             |    90 |   128 |       |       |       ||   218
       Headbutt          |    16 |    22 |    76 |   255 |   243 ||   612
       Mace              |       |    40 |   376 |  1076 |   149 ||  1641
       Morningstar       |       |       |       |       |   758 ||   758
  Use: Scroll            |     4 |     5 |     6 |    15 |    11 ||    41
       Potion            |       |     1 |     1 |     4 |     5 ||    11
  Eat: Bread ration      |     1 |       |     3 |     5 |     4 ||    13
       Royal jelly       |       |     1 |       |       |       ||     1
       Chunk             |       |       |     1 |     1 |     3 ||     5
       Meat ration       |       |       |       |       |     1 ||     1
Armor: Scale mail        |    37 |       |       |       |       ||    37
       Plate armour      |    30 |    86 |   161 |    31 |   351 ||   659
       Steam dragon scal |       |       |    49 |   244 |       ||   293
       Acid dragon scale |       |       |       |    78 |       ||    78
Dodge: Dodged            |    28 |    21 |    93 |   434 |   424 ||  1000
Block: Shield            |    72 |    89 |   273 |   748 |   894 ||  2076

Table legend:
 A = Spawn XP
 B = Non-spawn XP
 C = Spawn XP percentage of total XP
 D = Spawn monster count
 E = Non-spawn monster count
 F = Spawn count percentage of total count
 G = Total turns spent on level
                    A         B        C        D         E        F      G
               +---------+---------+-------+---------+---------+-------+---------
         Total |       0 |  120173 |   0.0 |       0 |     680 |   0.0 | 20906
               +---------+---------+-------+---------+---------+-------+---------
           D:1 |       0 |      37 |   0.0 |       0 |      24 |   0.0 |   945
           D:2 |       0 |      74 |   0.0 |       0 |      19 |   0.0 |   907
           D:3 |       0 |     281 |   0.0 |       0 |      36 |   0.0 |  1048
           D:4 |       0 |    1097 |   0.0 |       0 |      19 |   0.0 |   924
           D:5 |       0 |     971 |   0.0 |       0 |      30 |   0.0 |   850
           D:6 |       0 |     771 |   0.0 |       0 |      21 |   0.0 |   800
           D:7 |       0 |    1171 |   0.0 |       0 |      18 |   0.0 |   624
           D:8 |       0 |    1737 |   0.0 |       0 |      20 |   0.0 |   714
           D:9 |       0 |    2844 |   0.0 |       0 |      49 |   0.0 |  1198
          D:10 |       0 |    3756 |   0.0 |       0 |      26 |   0.0 |  1142
          D:11 |       0 |    6421 |   0.0 |       0 |      40 |   0.0 |  1156
          D:12 |       0 |    2541 |   0.0 |       0 |      44 |   0.0 |   980
          D:13 |       0 |    8228 |   0.0 |       0 |      41 |   0.0 |  1247
          D:14 |       0 |    8810 |   0.0 |       0 |      40 |   0.0 |   982
          D:15 |       0 |   16532 |   0.0 |       0 |      35 |   0.0 |  1221
        Lair:1 |       0 |    5082 |   0.0 |       0 |      22 |   0.0 |   857
        Lair:2 |       0 |    5330 |   0.0 |       0 |      22 |   0.0 |   854
        Lair:3 |       0 |    8709 |   0.0 |       0 |      26 |   0.0 |   939
        Lair:4 |       0 |    6904 |   0.0 |       0 |      31 |   0.0 |   810
        Lair:5 |       0 |    8899 |   0.0 |       0 |      29 |   0.0 |   849
        Lair:6 |       0 |   16871 |   0.0 |       0 |      43 |   0.0 |  1395
         Orc:1 |       0 |     113 |   0.0 |       0 |       1 |   0.0 |    49
         Orc:2 |       0 |   12994 |   0.0 |       0 |      44 |   0.0 |   338
               +---------+---------+-------+---------+---------+-------+---------
